 Dungeon Crawl Stone Soup version 0.23.0-3-gf3c87f2df8 (webtiles) character file.

Game seed: 16508012370511149004

632 Revguard the Shield-Bearer (level 7, -6/43 HPs)
             Began as a Gargoyle Fighter on Feb 25, 2019.
             Was an Initiate of Vehumet.
             Killed by divine providence
             ... invoked by an orc priest
              (14 damage)
             ... on level 4 of the Dungeon.
             The game lasted 00:13:23 (3040 turns).

Revguard the Shield-Bearer (Gargoyle Fighter)       Turns: 3040, Time: 00:13:24

Health: -6/43      AC: 13    Str: 18 (19) XL:     7   Next: 49%
Magic:  8/8        EV: 10    Int:  9      God:    Vehumet [......]
Gold:   182        SH: 10    Dex: 11      Spells: 8/8 levels left

rFire    . . .     SeeInvis .   a - +0 flail
rCold    + . .     Gourm    .   c - +0 shield
rNeg     + . .     Faith    +   m - +1 ring mail {rC+}
rPois    ∞         Spirit   .   (no helmet)
rElec    +         Reflect  .   j - +0 cloak
rCorr    .         Harm     .   (no gloves)
MR       .....                  (no boots)
Stlth    +.........             e - amulet of faith
HPRegen  0.14/turn              (no ring)
MPRegen  0.11/turn              (no ring)

@: no status effects
A: deterioration 1, negative energy resistance 1, electricity resistance,
unbreathing, petrification resistance, rot immunity, sturdy frame 1, AC +4
a: Renounce Religion


You were on level 4 of the Dungeon.
You worshipped Vehumet.
Vehumet was noncommittal.
You were not hungry.

You visited 1 branch of the dungeon, and saw 4 of its levels.
You also visited: Sewer.

You collected 182 gold pieces.

Inventory:

Hand Weapons
 a - a +0 flail (weapon)
Armour
 b - a +0 scale mail
 c - a +0 shield (worn)
 j - a +0 cloak (worn)
 m - a +1 ring mail of cold resistance (worn)
Jewellery
 e - an amulet of faith (around neck)
Scrolls
 g - 7 scrolls of identify
 h - 4 scrolls of teleportation
 i - a scroll of amnesia {unknown}
 k - 3 scrolls of enchant armour {unknown}
 l - 2 scrolls of enchant weapon {unknown}
 p - a scroll of remove curse {unknown}
Potions
 n - 2 potions of flight
 o - a potion of haste
 q - 2 potions of might
Comestibles
 d - a chunk of flesh
 f - 10 rations


   Skills:
 + Level 4.1 Fighting
 + Level 4.6 Maces & Flails
 + Level 4.7 Armour
 + Level 2.0 Dodging
 + Level 5.6 Shields
 * Level 1.2 Spellcasting


You had 8 spell levels left.
You didn't know any spells.
Your spell library was empty.

Dungeon Overview and Level Annotations

Branches:
Dungeon (4/15)
 Temple: D:4-7

Altars:
Vehumet
Yredelemnul


Innate Abilities, Weirdness & Mutations

You are resistant to torment.
Your stone body is resilient. (AC +4)
You are immune to poison.
You resist negative energy. (rN+)
You are resistant to electric shocks. (rElec)
You can survive without breathing.
You are immune to petrification.
You are immune to rotting.
Your body sometimes deteriorates upon taking damage.
Your movements are slightly less encumbered by armour. (ER -2)


Message History

The hound is heavily wounded.
The hound bites you but does no damage. The hound bites you.
You barely miss the hound.
The hound is heavily wounded.
The hound bites you.
* * * LOW HITPOINT WARNING * * *
The hound bites you.
* * * LOW HITPOINT WARNING * * *
You sock the hound!
The hound is almost dead.
You block the hound's attack.
The orc priest looks encouraged for a moment.
The hound bites you but does no damage.
You closely miss the hound.
The hound is almost dead.
The orc priest looks encouraged for a moment.
The hound bites you but does no damage.
The orc priest mumbles some strange prayers to Beogh against you.
Beogh smites you!
You die...

#....# #.÷..#
#...... #.#.##
#####...#.###
#.#.#
#..<........
#.#.# #.##......#
..#.# #.#
......### ###.# #
#.# ........
###.#
#.##.####...#
.##.#
#.....@hoo..#
.##.#
####.####o....#
.##.##########.##
#.....#
.##.............#
#........
#.#####.#######.#
#.)...### #.# #.#
.# #.....# #.#
#.# .# ###...#
.## #.# .# ##.#
.# #.# .#


You could see a hound, 2 orc priests and an orc.

Vanquished Creatures
  A human (D:2)
  A big kobold (Sewer)
  An orc priest (D:4)
  A hound (D:4)
  An orc wizard (D:3)
  2 bullfrog skeletons (D:4)
  An iguana (D:4)
  A worker ant (D:4)
  7 adders
  4 river rats
  An ooze (D:1)
  7 worms
  2 dart slugs
  3 leopard geckos
  15 orcs
  A ball python (D:1)
  7 bats
  3 giant cockroaches
  5 goblins
  7 hobgoblins
  12 jackals
  3 frilled lizards
  A goblin zombie (D:2)
  12 kobolds
  2 kobold zombies (D:2)
  5 rats
106 creatures vanquished.

Notes
Turn   | Place    | Note
-------+----------+-------------------------------------------
     0 | D:1      | Revguard the Gargoyle Fighter began the quest for the Orb.
     0 | D:1      | Reached XP level 1. HP: 14/14 MP: 1/1
   232 | D:1      | Reached XP level 2. HP: 14/19 MP: 2/2
   443 | D:1      | Reached XP level 3. HP: 19/23 MP: 3/3
  1001 | D:2      | Reached skill level 4 in Shields
  1177 | D:2      | Reached XP level 4. HP: 21/28 MP: 4/4
  1347 | D:2      | Found a runed translucent door.
  1347 | D:2      | Noticed a human
  1351 | D:2      | Found a basalt altar of Yredelemnul.
  1379 | D:2      | Killed a human
  1379 | D:2      | Reached skill level 1 in Dodging
  1379 | D:2      | Reached XP level 5. HP: 32/32 MP: 5/5
  1449 | D:2      | You fall through a shaft!
  1468 | D:3      | Reached XP level 6. HP: 37/37 MP: 6/6
  1485 | D:3      | Reached skill level 5 in Shields
  1566 | D:3      | Found a glowing drain.
  1585 | Sewer    | Entered a sewer
  1730 | Sewer    | Found a glowing silver altar of Zin.
  2052 | D:3      | Found a radiant altar of Vehumet.
  2071 | D:3      | Became a worshipper of Vehumet
  2168 | D:3      | Found a faded altar of an unknown god.
  2199 | D:3      | Gained mutation: You are partially covered in molten
                  | scales. (AC +2) [potion of mutation]
  2199 | D:3      | Gained mutation: You are somewhat resistant to further
                  | mutation. [potion of mutation]
  2224 | D:4      | Reached XP level 7. HP: 42/43 MP: 7/7
  2250 | D:4      | HP: 2/43 [orc priest/divine providence (15)]
  2271 | D:4      | Reached skill level 1 in Spellcasting
  2956 | D:4      | Lost mutation: You are partially covered in molten scales.
                  | (AC +2) [potion of mutation]
  2956 | D:4      | Lost mutation: You are somewhat resistant to further
                  | mutation. [potion of mutation]
  2956 | D:4      | Gained mutation: You are frail. (-10% HP) [potion of
                  | mutation]
  2956 | D:4      | Gained mutation: Your body sometimes deteriorates upon
                  | taking damage. [potion of mutation]
  2956 | D:4      | Lost mutation: You are frail. (-10% HP) [potion of
                  | mutation]
  2956 | D:4      | Gained mutation: Your movements are slightly less
                  | encumbered by armour. (ER -2) [potion of mutation]
  3040 | D:4      | Killed from afar by an orc priest

Skill      XL: |  1  2  3  4  5  6  7 |
---------------+----------------------+-----
Shields        | 4 5 |  5.6
Armour         | 4 |  4.7
Maces & Flails | 3 4 |  4.6
Dodging        | 1 2 |  2.0
Fighting       | 4 |  4.1
Spellcasting   | 1 |  1.2

Action                   |  1- 3 |  4- 6 |  7- 9 || total
-------------------------+-------+-------+-------++-------
Melee: Flail             |   173 |   240 |    90 ||   503
  Use: Scroll            |       |     4 |     1 ||     5
       Potion            |       |     3 |     5 ||     8
  Eat: Chunk             |     1 |     4 |     3 ||     8
Armor: Scale mail        |   125 |       |       ||   125
       Ring mail         |    32 |   150 |    71 ||   253
Dodge: Dodged            |    81 |   132 |    63 ||   276
Block: Shield            |   137 |   172 |    71 ||   380
